 Dungeon Crawl Stone Soup version 0.23-a0-169-gb21e695 (webtiles) character file.

267 EvilAliv3 the Charlatan (level 6, -1/35 HPs)
             Began as a Deep Elf Artificer on Sept 11, 2018.
             Killed from afar by Crazy Yiuf (5 damage)
             ... with a wand of flame (18)
             ... on level 4 of the Dungeon.
             The game lasted 00:29:30 (2745 turns).

EvilAliv3 the Charlatan (Deep Elf Artificer)        Turns: 2745, Time: 00:29:30

Health: -1/35      AC:  8    Str: 10    XL:     6   Next: 0%
Magic:  11/11      EV: 14    Int: 17    God:
Gold:   132        SH:  0    Dex: 19    Spells: 8/8 levels left

rFire    . . .     SeeInvis .   a - +3 dagger (flame)
rCold    . . .     Gourm    .   (no shield)
rNeg     . . .     Faith    .   B - +0 leather armour
rPois    +         Spirit   .   y - +1 hat
rElec    .         Reflect  .   h - +0 cloak
rCorr    .         Harm     .   x - +0 pair of gloves
MR       .....                  g - +1 pair of boots
Stlth    ++........             (no amulet)
HPRegen  0.11/turn              q - ring of poison resistance
MPRegen  0.12/turn              u - +4 ring of dexterity

@: no status effects
A: no striking features
a: no special abilities


You were on level 4 of the Dungeon.
You were not hungry.

You visited 1 branch of the dungeon, and saw 4 of its levels.

You collected 132 gold pieces.

Inventory:

Hand Weapons
 a - a +3 dagger of flaming (weapon)
 b - a +0 quarterstaff
Missiles
 s - 7 tomahawks (quivered)
 G - 4 tomahawks of returning
Armour
 g - a +1 pair of boots (worn)
 h - a +0 cloak (worn)
 x - a +0 pair of gloves (worn)
 y - a +1 hat (worn)
 B - a +0 leather armour (worn)
Jewellery
 q - a ring of poison resistance (left hand)
 u - a +4 ring of dexterity (right hand)
Wands
 c - a wand of flame (3)
 d - a wand of enslavement (5)
 e - a wand of random effects (7)
 E - a wand of acid (5)
Scrolls
 i - 4 scrolls of remove curse
 j - 2 scrolls of identify {unknown}
 l - a scroll of magic mapping {unknown}
 p - a scroll of teleportation {unknown}
 r - 2 scrolls of enchant weapon
 F - a scroll of immolation {unknown}
 J - a scroll of blinking {unknown}
Potions
 n - 4 potions of agility {unknown}
 o - a potion of brilliance {unknown}
 t - a potion of might {unknown}
 v - a potion of haste {unknown}
 w - a potion of curing {unknown}
 z - a potion of flight {unknown}
 A - 2 potions of resistance {unknown}
 H - a potion of mutation {unknown}
 I - a potion of lignification {unknown}
Comestibles
 f - 10 rations
 k - 3 chunks of flesh


   Skills:
 - Level 2.2 Fighting
 + Level 1.5 Short Blades
 + Level 1.5 Staves
 + Level 4.4 Dodging
 - Level 2.0 Stealth
 + Level 1.6 Spellcasting
 + Level 4.7 Evocations


You had 8 spell levels left.
You didn't know any spells.
Your spell library contained the following spells:

 Spells                   Type           Power        Failure   Level  Hunger
 Magic Dart               Conj           #...         28%         1    ##.....
 Searing Ray              Conj           #.....       38%         2    ###....
 Dazzling Spray           Conj/Hex       #.....       63%         3    ####...
 Force Lance              Conj/Tloc      #.......     95%         4    #####..
 Fulminant Prism          Conj/Hex       #.........   95%         4    #####..
 Iskenderun's Mystic Bla  Conj           #.......     95%         4    #####..


Dungeon Overview and Level Annotations

Branches:
Dungeon (4/15)
 Temple: D:4-7

Altars:
Dithmenos
Hepliaklqana
Uskayaw
Vehumet

Annotations:
D:4 Crazy Yiuf


Message History

Aim: Crazy Yiuf, wielding a quarterstaff of chaos and wearing a cloak (lightly You throw a tomahawk.
The tomahawk hits Crazy Yiuf.
Crazy Yiuf is moderately wounded.
You hit Crazy Yiuf but do no damage.
Crazy Yiuf is moderately wounded.
Crazy Yiuf hits you with a quarterstaff of chaos!
Crazy Yiuf freezes you.
You hit Crazy Yiuf. You burn Crazy Yiuf.
Crazy Yiuf is heavily wounded.
Crazy Yiuf hits you but does no damage.
You are electrocuted!
* * * LOW HITPOINT WARNING * * *
Crazy Yiuf cries, "Whippet!
Flower Hive forty-two."
Crazy Yiuf zaps a wand.
The puff of flame hits you!
* * * LOW HITPOINT WARNING * * *
It is a wand of flame (18).
Crazy Yiuf laughs, "Adder Orb Guardian light!"
Crazy Yiuf sings, "Trees, trees, trees, circus!"
Crazy Yiuf whimpers, "Snurf sing water!"
Crazy Yiuf zaps a wand.
The puff of flame hits you!
You die...

##### ♣♣.♣ #...........#
..... ♣g♣♣ ###.####.####
##### ♣♣.♣ #.# #.# ...#
♣.♣♣ #.# #.# ##....
♣♣.♣♣ #.# #.# # ♣.♣g♣♣
#.# #.# ♣..).♣ #.## #.#
#....# ###..###.####
####...@####............
#
#.......##.........###..
# ......#..#..#.##.####
# .##...##...##.##.# .
#... ######.##.# .. #..#
#.##.# ## #.. #.##.# #.
#.##.# #.##..


You could see Crazy Yiuf.

Vanquished Creatures
  A scorpion (D:4)
  An orc wizard (D:3)
  Natasha (D:3)
  A worker ant (D:4)
  4 orcs
  5 adders
  An ooze (D:2)
  5 worms
  4 dart slugs
  2 leopard geckos
  4 bats
  2 giant cockroaches
  6 goblins
  6 hobgoblins
  5 jackals
  6 kobolds
  A ball python (D:3)
  4 frilled lizards
59 creatures vanquished.

Vanquished Creatures (collateral kills)
  A goblin (D:1)
  A jackal (D:3)
  A bat (D:2)
3 creatures vanquished.

Vanquished Creatures (others)
  Natasha (D:3)
  A worm (D:2)
  2 hobgoblins
4 creatures vanquished.

Grand Total: 66 creatures vanquished

Notes
Turn   | Place    | Note
-------+----------+-------------------------------------------
     0 | D:1      | EvilAliv3 the Deep Elf Artificer began the quest for the
                  | Orb.
     0 | D:1      | Reached XP level 1. HP: 11/11 MP: 5/5
   107 | D:1      | Reached skill level 1 in Fighting
   204 | D:1      | Reached XP level 2. HP: 16/16 MP: 6/6
   786 | D:2      | Reached XP level 3. HP: 20/20 MP: 7/7
  1483 | D:2      | Found a hazy altar of Hepliaklqana.
  1484 | D:2      | Found a radiant altar of Vehumet.
  1674 | D:3      | Reached XP level 4. HP: 24/26 MP: 9/9
  1846 | D:3      | Found a shadowy altar of Dithmenos.
  2016 | D:3      | Found a hide-covered altar of Uskayaw.
  2091 | D:3      | Noticed Natasha
  2103 | D:3      | Your ally died
  2113 | D:3      | Reached XP level 5. HP: 27/30 MP: 10/10
  2174 | D:3      | Noticed Natasha
  2179 | D:3      | Killed Natasha
  2179 | D:3      | Reached skill level 1 in Staves
  2464 | D:4      | Reached skill level 1 in Spellcasting
  2689 | D:4      | Reached XP level 6. HP: 35/35 MP: 11/11
  2729 | D:4      | Found a runed door.
  2733 | D:4      | Noticed Crazy Yiuf
  2745 | D:4      | Killed from afar by Crazy Yiuf

Vault maps used:
D:1:      lightli_arrival_flooded_house
D:2:      nicolae_overflow_hidden_temple, first_ration, st_stairs_4
D:3:      nicolae_overflow_crystal_walls,
          nicolae_dithmenos_through_a_glass_darkly, feat_on_display,
          uniq_natasha
D:4:      grunt_temple_overflow_growth_and_decay, uniq_crazy_yiuf_cottage

Skill      XL: |  1  2  3  4  5 |
---------------+----------------+-----
Fighting       | 1 2 |  2.2
Stealth        | 2 |  2.0
Dodging        | 3 4 |  4.4
Evocations     | 4 |  4.7
Staves         | 1 |  1.5
Spellcasting   | 1 |  1.6
Short Blades   | |  1.5

Action                   |  1- 3 |  4- 6 || total
-------------------------+-------+-------++-------
Melee: Short sword       |    16 |       ||    16
       Dagger            |    73 |    63 ||   136
Throw: Tomahawk          |       |    11 ||    11
       Stone             |       |     3 ||     3
Evoke: Wand              |    15 |    15 ||    30
  Use: Scroll            |       |     2 ||     2
 Stab: Sleeping          |     5 |     6 ||    11
       Distracted        |       |     1 ||     1
       Confused          |       |     1 ||     1
       Paralysed         |       |     1 ||     1
  Eat: Chunk             |     2 |     4 ||     6
Armor: Leather armour    |    25 |    21 ||    46
Dodge: Dodged            |    52 |    26 ||    78

Table legend:
 A = Non-vault XP
 B = Vault XP
 C = Vault XP percentage of total XP
 D = Non-vault monster count
 E = Vault monster count
 F = Vault count percentage of total count
                 A         B        C        D         E       F
            +---------+---------+-------+---------+---------+-------
      Total |     379 |       3 |   0.8 |      60 |       2 |   3.2
            +---------+---------+-------+---------+---------+-------
        D:1 |      29 |       0 |   0.0 |      14 |       0 |   0.0
        D:2 |      63 |       3 |   4.5 |      17 |       2 |  10.5
        D:3 |     153 |       0 |   0.0 |      20 |       0 |   0.0
        D:4 |     134 |       0 |   0.0 |       9 |       0 |   0.0
            +---------+---------+-------+---------+---------+-------
